Map: Dusk Towers

Players

ByuN - Winner!

  • Race: Terran Terran

Soulkey

  • Race: Zerg Zerg

Event: IEM Season 10 - Taipei

VOD

Have the link to the VOD?

Description

Time

  • Played on: Feb. 1, 2016, 9:54 p.m.
  • Length: 17:53

All games in this series

Show
View Real Time Build Order
Export as new Build Order

ByuN Terran - Winner!

Build Orders: Liberator Opening, Reaper Expand, Bio Mine 

Get SALT Encoding   

  12  0:00  SCV  
  13  0:12  SCV  
  14  0:17  Supply Depot  
  14  0:25  SCV  
  15  0:39  SCV  
  15  0:40  Barracks  
  15  0:42  Refinery  
  16  0:51  SCV  
  17  1:03  SCV  
  18  1:15  SCV  
  19  1:27  Orbital Command, Reaper  
  20  1:39  Command Center  
  20  1:46  Supply Depot  
  20  1:52  SCV  
  21  1:59  Marine  
  22  2:02  Factory  
  22  2:05  SCV  
  23  2:11  Refinery  
  23  2:18  SCV  
  23  2:19  Barracks Reactor  
  24  2:30  SCV  
  25  2:42  SCV  
  26  2:49  Starport  
  26  2:51  Orbital Command  
  26  2:54  SCV  
  27  2:59  Hellion x2  
  27  3:03  Barracks Tech Lab  
  31  3:06  SCV  
  31  3:07  Liberator  
  32  3:18  SCV  
  32  3:19  SCV  
  34  3:20  Hellion  
  34  3:21  Marine, Hellion  
  42  3:30  SCV  
  42  3:31  SCV  
  42  3:32  Supply Depot  
  44  3:35  Supply Depot  
  44  3:39  Marine  
  45  3:51  SCV  
  45  3:54  SCV, Hellion x2  
  51  3:59  Stimpack  
  51  4:01  Marine  
  52  4:03  SCV  
  52  4:06  SCV  
  54  4:15  Viking, SCV  
  57  4:18  SCV  
  57  4:20  Command Center  
  58  4:26  Marine  
  58  4:27  Supply Depot  
  58  4:29  SCV  
  58  4:30  SCV  
  61  4:39  Factory Reactor  
  61  4:44  Marine  
  61  4:45  Barracks  
  62  4:48  Starport Reactor  
  62  4:50  Barracks  
  62  4:51  SCV x2  
  64  5:02  Marine  
  64  5:03  SCV x2  
  64  5:05  Factory Tech Lab  
  67  5:09  Engineering Bay x2  
  67  5:10  Refinery  
  67  5:11  Refinery  
  67  5:17  Supply Depot  
  67  5:20  Marine, SCV x2  
  70  5:32  Siege Tank  
  70  5:34  Marine x2, Starport Reactor, Orbital Command  
  75  5:38  Marine, Terran Infantry Weapons Level 1  
  75  5:40  Terran Infantry Armor Level 1  
  76  5:49  SCV x2  
  78  5:55  Marine, Barracks x2  
  78  5:56  Marine x3  
  82  5:57  Orbital Command, Marine  
  82  6:03  SCV x2  
  85  6:06  Supply Depot  
  85  6:09  Siege Tank  
  85  6:10  Supply Depot  
  88  6:15  Medivac, SCV x2  
  92  6:19  Combat Shields  
  92  6:24  Medivac  
  92  6:28  Marine  
  92  6:29  Marine x4  
  92  6:31  SCV x2  
  98  6:35  Supply Depot, Armory  
  98  6:42  SCV  
  98  6:43  SCV x2, Siege Tank  
  98  6:45  Barracks Reactor x2  
  104  6:52  Marine x2  
  104  6:53  Marine x2  
  108  6:54  Marine  
  108  6:57  SCV x3  
  112  7:03  Supply Depot  
  112  7:04  Supply Depot  
  112  7:06  Medivac x2  
  116  7:09  SCV  
  116  7:14  Refinery x2  
  117  7:16  Supply Depot  
  117  7:22  SCV x2  
  116  7:23  Marine  
  116  7:24  Marine x7  
  116  7:25  Marine  
  116  7:28  SCV  
  126  7:34  SCV x2  
  126  7:35  Supply Depot  
  126  7:36  Terran Infantry Weapons Level 2  
  128  7:38  Supply Depot  
  128  7:39  Terran Infantry Armor Level 2  
  128  7:43  SCV  
  129  7:46  SCV x2  
  129  7:47  Terran Vehicle Weapons Level 1  
  131  7:54  Marine x2, Siege Tank  
  131  7:55  Marine x5  
  131  7:56  Marine x2  
  143  7:58  Supply Depot  
  143  8:06  Medivac x2  
  143  8:12  Marine x4  
  147  8:14  Marine  
  147  8:19  Marine x3  
  152  8:24  Factory  
  152  8:26  Siege Tank  
  152  8:27  Supply Depot x2  
  155  8:32  Marine  
  152  8:39  Marine x6  
  152  8:40  Marauder, Marine  
  150  8:45  Medivac x2  
  154  8:50  Supply Depot  
  154  8:57  Missile Turret, Barracks x3  
  154  8:58  Siege Tank  
  154  9:01  Supply Depot  
  157  9:05  Marine x2  
  157  9:06  Marine x5  
  157  9:07  Marauder  
  166  9:10  Factory Reactor  
  166  9:13  Concussive Shells  
  166  9:15  Medivac x2  
  170  9:26  Supply Depot  
  170  9:33  Command Center  
  170  9:39  Marine x7  
  170  9:40  Marauder  
  170  9:42  Marine  
  174  9:48  Siege Tank  
  177  9:57  Marine x2  
  177  9:58  Marine  
  177  9:59  Medivac  
  153  10:01  Marauder, Marine  
  153  10:04  Marine  
  153  10:05  Marine  
  143  10:10  Marine  
  142  10:14  Barracks Tech Lab x3, Marine  
  142  10:15  Widow Mine x2  
  142  10:18  Marine x2  
  142  10:20  Marine, Siege Tank  
  145  10:35  Marine x5  
  146  10:37  Marauder x3  
  156  10:44  Widow Mine x2  
  156  10:45  Marine x2  
  156  10:46  Marine  
  163  10:52  Siege Tank  
  163  10:57  Terran Infantry Weapons Level 3  
  166  11:01  Terran Infantry Armor Level 3  
  165  11:10  Marine  
  161  11:12  Widow Mine, Marine  
  161  11:17  Marine x6  
  154  11:18  Marauder  
  154  11:20  Widow Mine  
  154  11:23  Widow Mine  
  154  11:24  Planetary Fortress  
  158  11:32  Liberator  
  158  11:33  Liberator  
  158  11:34  Ghost Academy  
  158  11:41  Widow Mine  
  158  11:42  Marine x5  
  158  11:43  Marauder x2  
  158  11:44  Marine x2  
  158  11:45  Marauder  
  179  11:55  Drilling Claws  
  179  12:01  Widow Mine x2  
  182  12:12  Marine x4  
  180  12:18  Widow Mine  
  180  12:20  Marine  
  178  12:24  Marauder  
  178  12:29  Widow Mine, Ghost x2  
  170  12:30  Widow Mine, Ghost  
  170  12:32  Marine  
  170  12:33  Marine x6  
  187  12:37  Medivac x2  
  187  12:38  Marine  
  191  12:45  Ghost  
  191  12:50  Marine  
  194  12:58  Ghost x3  
  188  13:02  Marine x6  
  192  13:13  Ghost  
  186  13:22  Medivac x2  
  186  13:23  Widow Mine x2  
  194  13:40  Ghost x2  
  194  13:45  Ghost x2  
  194  13:46  Marine x2  
  200  13:51  Marine x2  
  180  14:08  Ghost  
  180  14:09  Marine, Ghost  
  172  14:10  Marine  
  172  14:13  Ghost  
  172  14:14  Marauder, Marine  
  171  14:24  Command Center  
  171  14:27  Widow Mine x2  
  171  14:29  Widow Mine  
  177  14:31  Marine  
  177  14:32  Marine x3  
  177  14:34  Marine x2  
  177  14:35  Marauder  
  177  14:36  Marine  
  177  14:37  Ghost x2  
  190  14:42  Ghost  
  192  14:56  Ghost  
  191  15:05  Marine  
  191  15:06  Marine x4, Ghost  
  191  15:07  Marauder  
  200  15:20  Personal Cloaking  
  200  15:25  Marauder  
  200  15:28  Marauder  
  184  15:33  Marine x5  
  184  15:34  Marauder, Widow Mine x2  
  184  15:35  Marauder  
  190  15:45  Marine  
  190  15:47  Marauder  
  190  15:49  Marine  
  173  15:54  Marine x7  
  173  15:55  Marauder  
  173  15:56  Marauder  
  168  16:06  Marine  
  168  16:07  Marine, Ghost  
  172  16:12  Ghost  
  172  16:16  Marauder  
  172  16:18  Marauder  
  172  16:20  Marine x4  
  165  16:28  Marine  
  165  16:30  Marine  
  165  16:32  Marine x2  
  164  16:37  Marauder  
  164  16:38  Marauder  
  164  16:39  Marauder  
  168  16:41  Marauder  
  159  16:57  Ghost  
  159  16:58  Ghost  
  159  17:00  Ghost  
  154  17:02  Marine, Ghost  
  154  17:03  Marine  
  154  17:05  Marine  
  156  17:11  Marine  
  150  17:24  Marine  
  150  17:25  Marine x3  
  160  17:32  Marine  
Show
View Real Time Build Order
Export as new Build Order

Soulkey Zerg 

Build Orders: Hatch First 

Get SALT Encoding   

  12  0:00  Drone  
  13  0:12  Overlord  
  13  0:17  Drone  
  14  0:31  Drone x2  
  14  0:35  Drone  
  17  0:53  Hatchery  
  17  0:54  Drone  
  17  0:57  Drone  
  18  1:08  Extractor  
  17  1:12  Spawning Pool  
  17  1:14  Drone  
  17  1:18  Drone  
  18  1:28  Drone  
  19  1:39  Overlord  
  19  1:59  Zergling x2, Queen  
  19  2:00  Zergling x2  
  23  2:04  Queen  
  23  2:05  Drone  
  26  2:09  Metabolic Boost  
  26  2:11  Drone  
  27  2:17  Drone  
  28  2:34  Drone  
  28  2:35  Queen  
  31  2:40  Queen  
  31  2:44  Overlord  
  33  2:47  Drone  
  33  2:49  Drone  
  33  2:50  Drone  
  36  3:06  Drone x2  
  36  3:08  Drone, Hatchery  
  36  3:11  Overlord  
  38  3:15  Drone x2  
  38  3:18  Drone  
  38  3:19  Drone  
  42  3:21  Drone  
  42  3:22  Drone  
  44  3:31  Drone x2  
  44  3:32  Drone  
  47  3:40  Drone, Roach Warren, Extractor  
  46  3:47  Drone x4  
  50  3:51  Overlord  
  50  3:52  Overlord  
  50  4:16  Drone x2, Overlord  
  52  4:20  Roach x4  
  52  4:22  Lair  
  60  4:28  Drone x2, Overlord  
  62  4:33  Drone x2  
  62  4:35  Overlord  
  62  4:37  Drone x2  
  66  4:40  Extractor  
  66  4:41  Extractor  
  66  4:43  Spore Crawler  
  63  4:49  Drone x3  
  66  4:56  Drone x3  
  66  4:57  Drone, Zergling x2  
  66  4:58  Zergling x6  
  73  5:01  Drone  
  73  5:05  Drone x2  
  75  5:12  Extractor  
  75  5:13  Drone, Extractor  
  74  5:15  Evolution Chamber  
  74  5:16  Evolution Chamber  
  72  5:21  Drone  
  72  5:22  Drone x2  
  72  5:23  Drone x3  
  72  5:25  Drone x2  
  72  5:28  Overlord x2  
  80  5:36  Glial Reconstitution  
  80  5:41  Zerg Missile Weapons Level 1  
  80  5:42  Zerg Ground Armor Level 1, Overlord  
  80  5:53  Drone x3  
  80  5:55  Drone  
  80  5:56  Drone x2  
  80  5:57  Roach x2  
  90  5:58  Overlord x2  
  90  6:00  Overlord  
  90  6:02  Drone, Roach  
  90  6:03  Roach  
  95  6:06  Ravager x2  
  95  6:09  Overlord  
  95  6:10  Ravager  
  98  6:17  Overlord  
  98  6:20  Ravager  
  98  6:21  Ravager  
  98  6:22  Ravager  
  101  6:28  Drone  
  99  6:33  Roach  
  99  6:34  Roach x2  
  104  6:40  Drone  
  104  6:44  Hatchery  
  104  6:45  Spore Crawler  
  104  6:47  Ravager x2, Zergling x2, Infestation Pit  
  104  6:48  Zergling x6  
  104  6:51  Overlord x2  
  108  6:54  Roach  
  108  6:55  Roach x2  
  108  6:58  Ravager x2  
  116  7:03  Ravager  
  116  7:04  Roach x6  
  129  7:09  Overlord  
  129  7:12  Zergling x2  
  129  7:13  Zergling x12  
  134  7:24  Hive  
  134  7:25  Drone  
  134  7:28  Hatchery, Queen  
  136  7:36  Overlord  
  136  7:43  Zerg Ground Armor Level 2, Zerg Melee Weapons Level 1  
  136  7:46  Pneumatized Carapace  
  136  7:48  Zergling x14  
  143  7:56  Ravager  
  144  8:00  Drone  
  144  8:01  Drone  
  145  8:10  Zergling x16  
  145  8:11  Zergling x14  
  145  8:12  Zergling x2  
  157  8:16  Infestor x2  
  157  8:19  Infestor  
  154  8:22  Drone  
  154  8:25  Zergling x2  
  154  8:26  Zergling x4  
  154  8:41  Hatchery  
  149  8:43  Adrenal Glands  
  149  8:44  Ultralisk Cavern  
  148  8:57  Zergling x2  
  148  8:58  Zergling x18  
  148  8:59  Overlord  
  148  9:00  Overlord x2  
  158  9:05  Zergling x10  
  158  9:06  Zergling x2  
  164  9:18  Zergling x12  
  169  9:25  Zergling x20  
  179  9:39  Ultralisk x2  
  179  9:42  Overlord  
  144  10:05  Zergling x32  
  144  10:16  Ultralisk Cavern  
  144  10:20  Zergling x8  
  146  10:22  Zergling x10  
  146  10:24  Roach x2  
  154  10:40  Drone x5  
  159  10:47  Zerg Melee Weapons Level 2  
  159  10:48  Zerg Ground Armor Level 3  
  159  10:55  Zergling x20  
  164  11:15  Ultralisk x3  
  164  11:16  Zergling x8  
  179  11:18  Overseer  
  179  11:19  Overseer  
  179  11:24  Ravager  
  179  11:25  Drone x3  
  183  11:26  Extractor  
  183  11:28  Roach x2  
  186  11:35  Ultralisk x2  
  198  11:42  Spine Crawler  
  197  11:48  Zergling x6  
  200  11:58  Extractor  
  199  12:06  Hatchery  
  183  12:16  Ultralisk  
  177  12:24  Infestor  
  177  12:27  Zergling x2  
  177  12:28  Zergling x10  
  180  12:34  Zergling x14  
  180  12:35  Ultralisk  
  193  12:40  Zergling x2  
  193  12:41  Zergling x2  
  193  12:42  Zergling x8, Pathogen Glands  
  199  12:47  Zergling x2  
  195  13:15  Zergling x2  
  195  13:16  Zergling x14  
  189  13:23  Hatchery  
  189  13:25  Zergling x6, Zerg Melee Weapons Level 3  
  191  13:32  Zerg Missile Weapons Level 2  
  187  13:38  Spire  
  180  13:43  Spore Crawler  
  178  13:53  Zergling x8  
  178  13:54  Zergling x6  
  178  13:55  Zergling x2  
  180  14:01  Zergling x2  
  137  14:12  Drone, Hatchery  
  137  14:13  Drone x5  
  135  14:20  Chitinous Plating  
  135  14:28  Drone x5  
  140  14:35  Ravager x2  
  142  14:43  Zergling x2, Ultralisk x2  
  142  14:44  Zergling x2  
  147  14:54  Ultralisk  
  150  15:07  Ultralisk  
  150  15:08  Zergling x2  
  150  15:10  Drone, Spore Crawler  
  150  15:11  Drone  
  158  15:28  Infestor x2  
  160  15:32  Zergling x2, Ultralisk  
  160  15:33  Zergling x4  
  128  15:43  Zergling x4  
  128  15:45  Zergling x2  
  128  15:47  Zergling x2  
  116  15:50  Zergling x4  
  116  15:51  Zergling x10  
  115  15:58  Overseer x2  
  115  16:01  Drone x2  
  115  16:02  Drone  
  118  16:08  Roach  
  118  16:09  Roach x2  
  124  16:15  Infestor  
  124  16:16  Zergling x4  
  111  16:24  Zergling x2  
  111  16:26  Zergling x4  
  111  16:31  Zergling x2, Ultralisk  
  111  16:32  Zergling x2  
  106  16:35  Ravager  
  106  16:36  Zergling x4  
  109  16:41  Ravager  
  109  16:42  Infestor x2  
  109  16:43  Zergling x2  
  114  16:48  Zergling x6  
  114  16:49  Zergling x2  
  114  16:52  Zergling x2  
  118  16:54  Zergling x4  
  118  16:55  Zergling x2  
  118  16:56  Zergling x2  
  110  17:02  Zergling x2  
  110  17:07  Ultralisk  
  114  17:12  Zergling x2  

Tags
 
Add a new tag
Caveats
  • Supply blocks, unpowered buildings, or Contaminate may cause inaccurate times.
  • Supply counts are checked every 10 seconds.